2913 views
Uploaded 2020-02-28 14:55:22
Game version 1.32.2
12:29 long 3on3 ladder game on (6)StranglethornVale
Saved by iggythefisk
2913 views
Uploaded 2020-02-28 14:55:22
Game version 1.32.2
12:29 long 3on3 ladder game on (6)StranglethornVale

64 units @ 9.3k
/ 1.2k
37 buildings @ 5.6k
/ 2.3k

| Scroll of Regeneration | 2 | 200 |
| Lesser Clarity Potion | 1 | 70 |
| Mechanical Critter | 2 | 100 |
| Potion of Healing | 1 | 150 |
| Staff of Teleportation | 1 | 150 |
| total: | 7 | 670g |
| Peasant | 5 | 375 | / | 0 |
| Footman | 5 | 675 | / | 0 |
| Rifleman | 10 | 2050 | / | 300 |
| Priest | 2 | 270 | / | 20 |
| Mortar Team | 2 | 360 | / | 140 |
| total: | 24 | 3730g | / | 460w |
| Altar of Kings | 1 | 180 | / | 50 |
| Farm | 5 | 400 | / | 100 |
| Barracks | 1 | 160 | / | 60 |
| Arcane Vault | 2 | 260 | / | 60 |
| Blacksmith | 1 | 140 | / | 60 |
| Lumber Mill | 1 | 120 | / | 0 |
| Arcane Sanctum | 1 | 150 | / | 140 |
| Workshop | 1 | 140 | / | 140 |
| Keep | 1 | 320 | / | 210 |
| total: | 13 | 1550g | / | 610w |
| 0:05 | Altar of Kings |
| 0:08 | Farm |
| 0:11 | Barracks |
| 0:14 | Peasant |
| 0:17 | Peasant |
| 0:37 | Peasant |
| 0:56 | Farm |
| 1:15 | Footman |
| 1:23 | Footman |
| 1:30 | Peasant |
| 1:50 | Arcane Vault |
| 2:09 | Summon Water Elemental |
| 2:41 | Blacksmith |
| 2:45 | Lumber Mill |
| 2:55 | Footman |
| 3:25 | Scroll of Regeneration |
| 3:25 | Lesser Clarity Potion |
| 3:27 | Mechanical Critter |
| 3:27 | Mechanical Critter |
| 3:48 | Defend |
| 3:55 | Peasant |
| 4:00 | Farm |
| 4:44 | Staff of Teleportation |
| 4:53 | Rifleman |
| 4:54 | Rifleman |
| 4:54 | Rifleman |
| 5:12 | Farm |
| 5:14 | Farm |
| 6:03 | Keep |
| 6:07 | Brilliance Aura |
| 7:16 | Footman |
| 7:16 | Footman |
| 7:22 | Iron Forged Swords |
| 7:23 | Iron Plating |
| 7:46 | Summon Water Elemental |
| 8:05 | Arcane Vault |
| 8:26 | Long Rifles |
| 8:34 | Arcane Sanctum |
| 8:39 | Workshop |
| 9:34 | Brilliance Aura |
| 9:54 | Scroll of Regeneration |
| 9:58 | Rifleman |
| 9:59 | Rifleman |
| 9:59 | Rifleman |
| 10:01 | Priest |
| 10:02 | Priest |
| 10:04 | Mortar Team |
| 10:05 | Mortar Team |
| 10:21 | Potion of Healing |
| 11:38 | Rifleman |
| 11:38 | Rifleman |
| 11:38 | Rifleman |
| 11:39 | Rifleman |
| 11:57 | Improved Lumber Harvesting |
| Right click | 321 |
| Select | 154 |
| Build/train/purchase | 63 |
| Assign group | 10 |
| Select group | 9 |
| Misc. action | 6 |
| Use ability | 2 |
| Remove unit | 1 |
| Esc | 1 |
| Minimap ping | 1 |


| Potion of Healing | 1 | 150 |
| total: | 1 | 150g |
| Acolyte | 3 | 225 | / | 0 |
| Ghoul | 3 | 360 | / | 0 |
| Crypt Fiend | 8 | 1720 | / | 320 |
| total: | 14 | 2305g | / | 320w |
| Spirit Tower | 4 | 580 | / | 160 |
| Altar of Darkness | 1 | 180 | / | 50 |
| Ziggurat | 5 | 750 | / | 250 |
| Crypt | 1 | 200 | / | 50 |
| Graveyard | 1 | 215 | / | 0 |
| Tomb of Relics | 1 | 130 | / | 30 |
| Sacrificial Pit | 1 | 75 | / | 150 |
| Boneyard | 1 | 175 | / | 200 |
| Halls of the Dead | 1 | 320 | / | 210 |
| Black Citadel | 1 | 325 | / | 230 |
| total: | 11 | 1725g | / | 730w |
| 0:08 | Acolyte |
| 0:08 | Acolyte |
| 0:13 | Altar of Darkness |
| 0:16 | Ziggurat |
| 0:36 | Crypt |
| 1:17 | Graveyard |
| 1:31 | Ziggurat |
| 1:34 | Acolyte |
| 1:48 | Ghoul |
| 1:50 | Ghoul |
| 2:09 | Ziggurat |
| 2:17 | Ghoul |
| 2:38 | Carrion Beetles |
| 2:45 | Crypt Fiend |
| 2:53 | Spirit Tower |
| 3:09 | Spirit Tower |
| 3:32 | Crypt Fiend |
| 4:00 | Spirit Tower |
| 4:25 | Halls of the Dead |
| 4:38 | Crypt Fiend |
| 5:06 | Crypt Fiend |
| 5:17 | Spiked Carapace |
| 5:24 | Crypt Fiend |
| 5:37 | Ziggurat |
| 6:41 | Spiked Carapace |
| 7:20 | Web |
| 7:21 | Crypt Fiend |
| 7:24 | Spirit Tower |
| 7:28 | Ziggurat |
| 8:12 | Black Citadel |
| 8:23 | Frost Armor |
| 9:38 | Tomb of Relics |
| 9:49 | Sacrificial Pit |
| 10:07 | Creature Attack |
| 10:07 | Creature Carapace |
| 10:22 | Crypt Fiend |
| 10:24 | Crypt Fiend |
| 10:43 | Potion of Healing |
| 11:54 | Boneyard |
| Select | 127 |
| Right click | 118 |
| Build/train/purchase | 37 |
| Use ability | 8 |
| Minimap ping | 2 |


| Healing Salve | 1 | 100 |
| Potion of Healing | 2 | 300 |
| Scroll of Town Portal | 1 | 350 |
| total: | 4 | 750g |
| Peon | 14 | 1050 | / | 0 |
| Troll Headhunter | 8 | 1120 | / | 160 |
| Tauren | 3 | 840 | / | 240 |
| Kodo Beast | 1 | 255 | / | 60 |
| total: | 26 | 3265g | / | 460w |
| Orc Burrow | 5 | 800 | / | 200 |
| Altar of Storms | 1 | 180 | / | 50 |
| Barracks | 1 | 180 | / | 50 |
| War Mill | 1 | 205 | / | 0 |
| Voodoo Lounge | 1 | 130 | / | 30 |
| Great Hall | 1 | 385 | / | 185 |
| Beastiary | 1 | 145 | / | 140 |
| Tauren Totem | 2 | 270 | / | 310 |
| Stronghold | 1 | 315 | / | 190 |
| Fortress | 1 | 325 | / | 190 |
| total: | 13 | 2295g | / | 965w |
| 0:04 | Peon |
| 0:04 | Peon |
| 0:22 | Orc Burrow |
| 0:37 | Altar of Storms |
| 0:39 | Peon |
| 0:39 | Peon |
| 0:57 | Barracks |
| 0:59 | Peon |
| 1:06 | Peon |
| 1:24 | Peon |
| 1:29 | War Mill |
| 1:32 | Peon |
| 1:48 | Orc Burrow |
| 2:09 | Voodoo Lounge |
| 2:12 | Peon |
| 2:43 | Troll Headhunter |
| 2:51 | Troll Headhunter |
| 2:54 | Endurance Aura |
| 3:02 | Orc Burrow |
| 3:23 | Stronghold |
| 3:35 | Troll Headhunter |
| 3:35 | Troll Headhunter |
| 3:47 | Steel Ranged Weapons |
| 3:57 | Healing Salve |
| 4:07 | Troll Headhunter |
| 4:07 | Troll Headhunter |
| 4:44 | Troll Headhunter |
| 5:02 | Troll Headhunter |
| 5:49 | War Stomp |
| 5:53 | Peon |
| 5:58 | Great Hall |
| 6:09 | Fortress |
| 7:22 | Beastiary |
| 7:46 | Endurance Aura |
| 8:09 | Troll Regeneration |
| 8:15 | Tauren Totem |
| 8:17 | Tauren Totem |
| 9:04 | Peon |
| 9:04 | Peon |
| 9:04 | Peon |
| 9:05 | Peon |
| 9:09 | Healing Wave |
| 9:47 | Tauren |
| 9:48 | Pulverize |
| 9:50 | Tauren |
| 9:53 | War Drums Damage Increase |
| 10:01 | Kodo Beast |
| 10:15 | Orc Burrow |
| 10:31 | Orc Burrow |
| 10:39 | Scroll of Town Portal |
| 11:08 | Potion of Healing |
| 11:08 | Potion of Healing |
| 11:20 | Tauren |
| 11:45 | Steel Armor |
| 11:46 | Steel Melee Weapons |
| Select | 168 |
| Right click | 116 |
| Select group | 98 |
| Build/train/purchase | 58 |
| Misc. action | 48 |
| Use ability | 11 |
| Assign group | 9 |
| Chat | 8 |
| Remove unit | 1 |
| Minimap ping | 1 |
93 units @ 13.6k
/ 1.9k
42 buildings @ 6k
/ 2.3k


| Scroll of Regeneration | 2 | 200 |
| total: | 2 | 200g |
| Peasant | 14 | 1050 | / | 0 |
| Footman | 4 | 540 | / | 0 |
| Rifleman | 13 | 2665 | / | 390 |
| Sorceress | 4 | 620 | / | 80 |
| Priest | 6 | 810 | / | 60 |
| total: | 41 | 5685g | / | 530w |
| Altar of Kings | 1 | 180 | / | 50 |
| Barracks | 2 | 320 | / | 120 |
| Farm | 7 | 560 | / | 140 |
| Town Hall | 1 | 385 | / | 205 |
| Blacksmith | 1 | 140 | / | 60 |
| Arcane Vault | 2 | 260 | / | 60 |
| Lumber Mill | 1 | 120 | / | 0 |
| Arcane Sanctum | 2 | 300 | / | 280 |
| Keep | 1 | 320 | / | 210 |
| Castle | 1 | 360 | / | 210 |
| total: | 17 | 2265g | / | 915w |
| 0:07 | Peasant |
| 0:09 | Altar of Kings |
| 0:10 | Peasant |
| 0:19 | Peasant |
| 0:23 | Barracks |
| 0:25 | Barracks |
| 0:38 | Farm |
| 0:46 | Peasant |
| 0:56 | Peasant |
| 1:03 | Farm |
| 1:26 | Footman |
| 1:34 | Footman |
| 1:36 | Peasant |
| 1:49 | Peasant |
| 1:55 | Peasant |
| 1:55 | Peasant |
| 2:12 | Summon Water Elemental |
| 2:21 | Peasant |
| 2:53 | Farm |
| 2:55 | Brilliance Aura |
| 3:11 | Town Hall |
| 3:31 | Peasant |
| 3:36 | Blacksmith |
| 3:38 | Peasant |
| 3:46 | Footman |
| 3:50 | Arcane Vault |
| 3:51 | Arcane Vault |
| 4:10 | Footman |
| 4:42 | Peasant |
| 4:42 | Peasant |
| 4:57 | Keep |
| 5:00 | Scroll of Regeneration |
| 5:03 | Rifleman |
| 5:13 | Farm |
| 5:18 | Lumber Mill |
| 5:24 | Rifleman |
| 5:45 | Black Gunpowder |
| 5:47 | Rifleman |
| 5:52 | Summon Water Elemental |
| 6:10 | Rifleman |
| 6:14 | Studded Leather Armor |
| 6:49 | Rifleman |
| 7:13 | Scroll of Regeneration |
| 7:20 | Rifleman |
| 7:23 | Farm |
| 7:25 | Long Rifles |
| 7:30 | Improved Lumber Harvesting |
| 7:41 | Arcane Sanctum |
| 8:11 | Arcane Sanctum |
| 8:21 | Storm Bolt |
| 8:57 | Rifleman |
| 8:58 | Sorceress |
| 8:58 | Priest |
| 9:08 | Brilliance Aura |
| 9:34 | Rifleman |
| 9:35 | Sorceress |
| 9:35 | Priest |
| 9:37 | Bash |
| 9:50 | Sorceress Adept Training |
| 9:50 | Priest Adept Training |
| 9:53 | Rifleman |
| 9:55 | Refined Gunpowder |
| 9:58 | Farm |
| 9:59 | Farm |
| 10:39 | Sorceress |
| 10:39 | Priest |
| 10:43 | Rifleman |
| 10:44 | Rifleman |
| 11:17 | Storm Bolt |
| 11:28 | Castle |
| 11:31 | Rifleman |
| 12:03 | Summon Water Elemental |
| 12:10 | Rifleman |
| 12:10 | Sorceress |
| 12:11 | Priest |
| 12:20 | Priest |
| 12:20 | Priest |
| Right click | 681 |
| Assign group | 367 |
| Select | 347 |
| Select group | 189 |
| Build/train/purchase | 98 |
| Chat | 80 |
| Misc. action | 41 |
| Use ability | 12 |
| Item give/drop | 1 |
| Minimap ping | 1 |

| Peasant | 12 | 900 | / | 0 |
| Footman | 5 | 675 | / | 0 |
| Rifleman | 12 | 2460 | / | 360 |
| Mortar Team | 1 | 180 | / | 70 |
| total: | 30 | 4215g | / | 430w |
| Farm | 6 | 480 | / | 120 |
| Altar of Kings | 1 | 180 | / | 50 |
| Barracks | 1 | 160 | / | 60 |
| Blacksmith | 1 | 140 | / | 60 |
| Lumber Mill | 1 | 120 | / | 0 |
| Town Hall | 1 | 385 | / | 205 |
| Arcane Vault | 1 | 130 | / | 30 |
| Workshop | 1 | 140 | / | 140 |
| Keep | 1 | 320 | / | 210 |
| Castle | 1 | 360 | / | 210 |
| total: | 13 | 1735g | / | 665w |
| 0:04 | Peasant |
| 0:04 | Peasant |
| 0:05 | Peasant |
| 0:10 | Farm |
| 0:20 | Altar of Kings |
| 0:26 | Barracks |
| 0:28 | Peasant |
| 1:05 | Farm |
| 1:16 | Peasant |
| 1:16 | Peasant |
| 1:30 | Footman |
| 1:45 | Footman |
| 1:49 | Farm |
| 2:03 | Peasant |
| 2:18 | Blacksmith |
| 2:20 | Footman |
| 2:24 | Footman |
| 2:35 | Farm |
| 2:45 | Lumber Mill |
| 2:53 | Storm Bolt |
| 3:00 | Footman |
| 3:23 | Farm |
| 3:38 | Iron Forged Swords |
| 3:40 | Rifleman |
| 3:46 | Black Gunpowder |
| 4:08 | Farm |
| 4:12 | Rifleman |
| 4:53 | Rifleman |
| 5:16 | Peasant |
| 5:16 | Peasant |
| 5:16 | Peasant |
| 5:22 | Rifleman |
| 5:25 | Studded Leather Armor |
| 6:03 | Town Hall |
| 6:19 | Thunder Clap |
| 6:47 | Keep |
| 6:50 | Iron Plating |
| 7:02 | Rifleman |
| 7:52 | Rifleman |
| 8:14 | Peasant |
| 8:14 | Peasant |
| 8:30 | Rifleman |
| 8:38 | Arcane Vault |
| 8:48 | Rifleman |
| 9:10 | Refined Gunpowder |
| 9:13 | Castle |
| 10:04 | Workshop |
| 10:06 | Improved Lumber Harvesting |
| 10:11 | Rifleman |
| 10:15 | Reinforced Leather Armor |
| 10:47 | Storm Bolt |
| 12:03 | Rifleman |
| 12:04 | Rifleman |
| 12:04 | Rifleman |
| 12:05 | Dragonhide Armor |
| 12:07 | Imbued Gunpowder |
| 12:12 | Advanced Lumber Harvesting |
| 12:13 | Mortar Team |
| 12:21 | Thunder Clap |
| Select | 126 |
| Right click | 117 |
| Build/train/purchase | 53 |
| Misc. action | 9 |
| Use ability | 8 |

| Wisp | 10 | 600 | / | 0 |
| Druid of the Claw | 12 | 3060 | / | 960 |
| total: | 22 | 3660g | / | 960w |
| Moon Well | 7 | 1260 | / | 280 |
| Altar of Elders | 1 | 180 | / | 50 |
| Ancient of Wonders | 1 | 90 | / | 30 |
| Hunter's Hall | 1 | 210 | / | 100 |
| Ancient of Lore | 2 | 310 | / | 290 |
| Tree of Ages | 2 | 640 | / | 360 |
| Tree of Eternity | 2 | 660 | / | 400 |
| total: | 12 | 2050g | / | 750w |
| 0:04 | Wisp |
| 0:04 | Wisp |
| 0:11 | Moon Well |
| 0:20 | Wisp |
| 0:28 | Altar of Elders |
| 0:38 | Wisp |
| 0:58 | Wisp |
| 1:14 | Wisp |
| 1:15 | Wisp |
| 1:25 | Moon Well |
| 1:32 | Wisp |
| 1:56 | Tree of Ages |
| 2:01 | Moon Well |
| 2:16 | Ancient of Wonders |
| 2:36 | Mana Burn |
| 2:50 | Moon Well |
| 2:53 | Moon Well |
| 3:34 | Moon Well |
| 3:42 | Hunter's Hall |
| 4:36 | Wisp |
| 4:37 | Wisp |
| 4:49 | Ancient of Lore |
| 4:51 | Ancient of Lore |
| 5:07 | Tree of Eternity |
| 5:39 | Reinforced Hides |
| 6:09 | Druid of the Claw |
| 6:09 | Druid of the Claw Adept Training |
| 6:39 | Druid of the Claw |
| 6:48 | Druid of the Claw |
| 7:21 | Druid of the Claw |
| 7:38 | Druid of the Claw Master Training |
| 8:25 | Evasion |
| 8:46 | Mark of the Claw |
| 8:47 | Druid of the Claw |
| 9:17 | Druid of the Claw |
| 9:42 | Druid of the Claw |
| 9:55 | Druid of the Claw |
| 10:25 | Druid of the Claw |
| 11:17 | Druid of the Claw |
| 11:55 | Druid of the Claw |
| 12:16 | Druid of the Claw |
| 12:20 | Moon Well |
| Right click | 635 |
| Select | 213 |
| Misc. action | 61 |
| Build/train/purchase | 51 |
| Chat | 25 |
| Use ability | 22 |
| Select group | 6 |
| Remove unit | 2 |
| Assign group | 1 |
⇛